 Dungeon Crawl Stone Soup version 0.24.0-37-gcf1ca852f1 (webtiles) character file.

Game seed: 1321077292017974025, levelgen mode: deterministic

41 DildoBatman the Magician (level 3, 0/24 HPs)
             Began as a Formicid Wizard on Nov 24, 2019.
             Succumbed to kobold's curare-tipped dart
             ... on level 3 of the Dungeon.
             The game lasted 00:05:30 (1437 turns).

DildoBatman the Magician (Formicid Wizard)          Turns: 1437, Time: 00:05:30

Health: 0/24       AC:  3    Str:  9    XL:     3   Next: 75%
Magic:  6/7        EV: 17    Int: 18    God:
Gold:   84         SH:  0    Dex: 18    Spells: 1/8 levels left

rFire    . . .     SeeInvis +   a - +1 hand axe (freeze)
rCold    . . .     Gourm    .   (no shield)
rNeg     . . .     Faith    .   i - +0 robe
rPois    +         Spirit   .   (helmet unavailable)
rElec    .         Reflect  .   p - +0 cloak
rCorr    .         Harm     +   (no gloves)
MR       +....                  (no boots)
Stlth    +++.......             t - amulet of harm
HPRegen  0.08/turn              f - +4 ring of dexterity
MPRegen  0.10/turn              (no ring)

@: agile, lethally poisoned (0 -> -7), very slightly contaminated, invisible
A: permanent stasis, dig shafts and tunnels, four strong arms, antennae 3, magic
resistance 1, poison resistance, weak 1
a: Dig, Shaft Self


You were on level 3 of the Dungeon.
You were not hungry.

You visited 1 branch of the dungeon, and saw 3 of its levels.

You collected 84 gold pieces.

Inventory:

Hand Weapons
 a - a +1 hand axe of freezing (weapon)
 b - a +0 dagger of venom
 g - a +1 whip of flaming
 u - a +3 dagger
 w - a +1 hand axe of venom
 y - a +1 trident of flaming
Missiles
 e - 78 bolts
 j - 6 atropa-tipped darts (quivered)
 m - 2 javelins
 q - 25 arrows
Armour
 i - a +0 robe (worn)
 p - a +0 cloak (worn)
Jewellery
 d - an uncursed amulet of faith
 f - a +4 ring of dexterity (left hand)
 t - an amulet of harm (around neck)
Scrolls
 k - a scroll of identify
 C - 2 scrolls of magic mapping
Potions
 o - a potion of haste
Comestibles
 n - 2 chunks of flesh
 v - 4 rations


   Skills:
 - Level 1.7 Dodging
 - Level 2.4 Stealth
 - Level 3.2 Spellcasting
 * Level 3.0 Conjurations
   Level 1.0 Summonings
   Level 0.8 Translocations


You had one spell level left.
You knew the following spells:

 Your Spells              Type           Power        Failure   Level  Hunger
a - Conjure Flame         Conj/Fire      #.......     26%         3    ###....
c - Magic Dart            Conj           ##..         4%          1    None
e - Mephitic Cloud        Conj/Pois/Air  #.......     30%         3    ###....

Your spell library contained the following spells:

 Spells                   Type           Power        Failure   Level  Hunger
 Call Imp                 Summ           #.......     16%         2    ##.....
 Slow                     Hex            #.......     24%         2    ##.....
 Blink                    Tloc           Unusable     N/A         2    N/A

Dungeon Overview and Level Annotations

Branches:
Dungeon (3/15)

Altars:
Makhleb

Annotations:
D:1 Jessica
D:2 1 exclusion


Innate Abilities, Weirdness & Mutations

You cannot be hasted, slowed, berserked, paralysed or teleported.
You can dig through walls and to a lower floor.
Your four strong arms can wield two-handed weapons with a shield.
You have a pair of large antennae on your head. (SInv)
You are resistant to hostile enchantments. (MR+)
Your system is resistant to poisons. (rPois)
You are weak. (Str -2)


Message History

You feel sick.
You are very lightly contaminated with residual magic.
Really quaff the potion of mutation?
You feel extremely strange.
You feel resistant to hostile enchantments.
You feel weaker.
You feel resistant to poisons.
You feel sick.
You remove your amulet of faith.
t - an amulet of harm (around neck)
As you read the scroll labeled VALIJERONO, it crumbles to dust.
It is a scroll of amnesia.
Okay, then.
You feel sick.
As you read the scroll labeled HORYCI SENUD, it crumbles to dust.
You feel blessed for a moment.
It was a scroll of remove curse.
You feel sick.
Okay, then.
You die...

#############
)...........#
##(## #
##@#.##.#####
#.###........
##.#.#######.
#.## #.# #<#
#.# #.# #..


There were no monsters in sight!

Vanquished Creatures
  2 worms (D:2)
  2 leopard geckos (D:1)
  A giant cockroach (D:1)
  3 goblins (D:1)
  3 hobgoblins
  2 jackals (D:2)
  6 kobolds
  A quokka (D:2)
  3 ball pythons (D:1)
  2 bats (D:2)
  2 frilled lizards
  6 rats
33 creatures vanquished.

Notes
Turn   | Place    | Note
-------+----------+-------------------------------------------
     0 | D:1      | DildoBatman the Formicid Wizard began the quest for the
                  | Orb.
     0 | D:1      | Reached XP level 1. HP: 13/13 MP: 4/4
    70 | D:1      | Reached skill level 1 in Conjurations
   319 | D:1      | Reached XP level 2. HP: 19/19 MP: 3/6
   519 | D:1      | Reached XP level 3. HP: 20/24 MP: 1/7
   524 | D:1      | Learned a level 3 spell: Conjure Flame
   528 | D:1      | Learned a level 3 spell: Mephitic Cloud
  1240 | D:2      | Noticed Jessica
  1242 | D:2      | Found a burning altar of Makhleb.
  1431 | D:3      | Gained mutation: You are resistant to hostile enchantments.
                  | (MR+) [potion of mutation]
  1431 | D:3      | Gained mutation: You are weak. (Str -2) [potion of
                  | mutation]
  1431 | D:3      | Gained mutation: Your system is resistant to poisons.
                  | (rPois) [potion of mutation]
  1435 | D:3      | HP: 1/24 [poisoned by kobold (curare-tipped dart)]
  1437 | D:3      | Succumbed to kobold's curare-tipped dart

Levels and vault maps discovered:
D:1:      scummos_arrival_simple_crosswalls, layout_loops_ring
D:2:      layout_rooms, marbit_many_paths, uniq_jessica
D:3:      layout_loops_ring

Skill      XL: |  1  2  3 |
---------------+----------+-----
Conjurations   | 1 2 3 |  3.0
Dodging        | |  1.7
Stealth        | |  2.4
Spellcasting   | |  3.2
Summonings     | |  1.0
Translocations | |  0.8

Action                   || total
-------------------------++-------
Melee: Hand axe          ||    36
 Cast: Magic Dart        ||    54
       Mephitic Cloud    ||     2
       Conjure Flame     ||     1
 Abil: Dig               ||     1
  Use: Scroll            ||     4
       Potion            ||     3
 Stab: Sleeping          ||     1
  Eat: Chunk             ||     2
Armor: Robe              ||    16
Dodge: Dodged            ||    35
